 Dungeon Crawl Stone Soup version 0.32-a0-931-g5a2cda0630 (webtiles) character file.

Game seed: 16547917455553655107

3635 bjtr the Arsonist (level 10, -7/50 HPs)
             Began as a Gargoyle Fire Elementalist on Apr 13, 2024.
             Was a Follower of Hepliaklqana.
             Mangled by a yak (8 damage)
             ... on level 8 of the Dungeon.
             The game lasted 00:34:24 (9240 turns).

bjtr the Arsonist (Gargoyle Fire Elementalist)      Turns: 9240, Time: 00:34:24

Health: -7/50      AC: 15    Str: 13    XL:     10   Next: 11%
Magic:  4/20       EV: 16    Int: 19    God:    Hepliaklqana [*.....]
Gold:   346        SH:  0    Dex: 10    Spells: 10/23 levels left

rFire   . . .        m - +1 short sword (elec)
rCold   + . .        (no shield)
rNeg    + . .        b - +1 troll leather armour {Pargi}
rPois   ∞            (no helmet)
rElec   +            E - scarf {repulsion}
rCorr   .            k - +2 pair of gloves
SInv    .            (no boots)
Will    .....        (no amulet)
Stlth   ++           L - +5 ring of evasion
HPRegen 1.08/turn    J - ring of protection from cold
MPRegen 0.17/turn

%: repel missiles
@: no status effects
A: reduced essence, sickness immunity, AC +7, negative energy resistance 1,
electricity resistance, torment resistance 1, petrification resistance
a: Renounce Religion, Recall Ancestor, Ancestor Identity


You were on level 8 of the Dungeon.
You worshipped Hepliaklqana.
Hepliaklqana was aware of your devotion.
You visited 2 branches of the dungeon, and saw 9 of its levels.
You also visited: Sewer.

You collected 556 gold pieces.
You spent 210 gold pieces at shops.

Inventory:

Hand Weapons
 d - a +0 dagger
 f - a +0 short sword
 m - a +1 short sword of electrocution (weapon)
 o - a +0 hand axe
 t - a +0 falchion
 x - a +0 spear
 A - a +0 morningstar
 F - a +0 rapier
 K - a +1 falchion of electrocution
 M - a +4 antimagic dagger
 N - a +0 glaive of electrocution
 O - a +0 broad axe
 Q - a +0 rapier
Missiles
 c - 8 poisoned darts
 e - 4 darts of dispersal
 p - a curare-tipped dart
 y - 5 javelins
 G - 2 throwing nets
Armour
 b - a +1 troll leather armour (worn) {Pargi}
 k - a +2 pair of gloves (worn)
 q - a +1 ring mail
 E - a scarf of repulsion (worn)
 I - an orb of guile
Jewellery
 H - a +6 ring of strength
 J - a ring of protection from cold (right hand)
 L - a +5 ring of evasion (left hand)
Wands
 h - a wand of paralysis (11)
 s - a wand of roots (8)
Scrolls
 a - 2 scrolls of teleportation
 l - 2 scrolls of identify
 u - 5 scrolls of immolation
 z - a scroll of blinking
 D - a scroll of poison
 P - a scroll of fog
 R - a scroll of fear
Potions
 g - a potion of cancellation
 i - a potion of haste
 j - a potion of might
 n - a potion of curing
 r - a potion of resistance
 v - 2 potions of berserk rage
 w - 4 potions of heal wounds
 B - a potion of lignification
 C - a potion of ambrosia


   Skills:
 * Level 3.8 Fighting
 + Level 5.6 Armour
 + Level 2.7 Dodging
 + Level 2.8 Stealth
 + Level 7.0 Spellcasting
 * Level 6.2 Conjurations
 * Level 8.6 Fire Magic


You had 10 spell levels left.
You knew the following spells:

 Your Spells              Type           Power      Damage    Failure   Level
a - Foxfire               Conj/Fire      100%       2x1d9     1%          1
b - Scorch                Fire           78%        2d8       1%          2
c - Inner Flame           Hex/Fire       23%        N/A       6%          3
d - Volatile Blastmotes   Fire/Tloc      46%        2d13      6%          3
e - Flame Wave            Conj/Fire      34%        2d10      6%          4

Your spell library contained the following spells:

 Spells                   Type           Power      Damage    Failure   Level
 Hailstorm                Conj/Ice       18%        3d7       11%         3
 Apportation              Tloc           12%        N/A       12%         1
 Freeze                   Ice            24%        1d4       12%         1
 Summon Small Mammal      Summ           24%        N/A       12%         1
 Ensorcelled Hibernation  Hex/Ice        12%        N/A       19%         2
 Jinxbite                 Hex            12%        N/A       19%         2
 Lesser Beckoning         Tloc           12%        N/A       19%         2
 Summon Blazeheart Golem  Fire/Summ      23%        N/A       22%         4
 Call Canine Familiar     Summ           6%         N/A       36%         3
 Frozen Ramparts          Ice            12%        1d2       36%         3
 Fugue of the Fallen      Necr           6%         N/A       36%         3
 Maxwell's Portable Pile  Tloc           6%         2d(5-15)  36%         3
 Sigil of Binding         Hex            6%         N/A       36%         3
 Teleport Other           Tloc           6%         N/A       36%         3
 Anguish                  Hex/Necr       3%         N/A       77%         4
 Dimensional Bullseye     Hex/Tloc       3%         N/A       77%         4
 Alistair's Intoxication  Alch           4%         N/A       98%         5


Dungeon Overview and Level Annotations

Branches:
Dungeon (8/15)             Temple (1/1) D:6           Sewer (visited)
   Lair: D:8-11

Altars:
Ashenzari
Cheibriados
Dithmenos
Elyvilon
Fedhas
Gozag
Hepliaklqana
Kikubaaqudgha
Makhleb
Nemelex Xobeh
Okawaru
Qazlal
Ru
Sif Muna
Trog
Uskayaw
Wu Jian
Xom
Yredelemnul
Zin
The Shining One

Shops:
D:4 (!!?   D:6 (


Innate Abilities, Weirdness & Mutations

Your life essence is reduced to manifest your ancestor. (-10% HP)
You are immune to sickness and miasma.
Your stone body is resilient. (AC +7)
You are immune to poison.
You resist negative energy. (rN+)
You are resistant to electric shocks. (rElec)
You are resistant to unholy torment.
You are immune to petrification.


Message History

The yak misses you.
Vutrotua hits the yak but does no damage.
The yak is no longer more vulnerable to fire.
Something closely misses Vutrotua.
Something gores Vutrotua!
An electric eel comes into view.
The yak completely misses Vutrotua.
The electric eel shoots out a bolt of lightning at you!
The bolt of electricity misses you.
You hit the yak but do no damage.
The yak is moderately wounded.
The yak barely misses you.
Vutrotua hits the yak.
The yak gores Vutrotua!
The electric eel shoots out a bolt of lightning at you!
The bolt of electricity hits you. You resist.
The yak gores Vutrotua.
You hit the yak but do no damage. Lightning courses through the yak!
The yak is almost dead.
The yak completely misses you.
Vutrotua barely misses the yak.
The yak gores Vutrotua!
Vutrotua is destroyed!
The electric eel shoots out a bolt of lightning at you!
The bolt of electricity hits you. You resist.
There is a stone staircase leading up here.
You barely miss the yak.
The yak is almost dead.
The yak barely misses you.
Unknown command.
You hit the yak.
The yak is almost dead.
The yak gores you but does no damage. The yak gores you!
Unknown command.
You hit the yak.
You kill the yak!
The yak gores you!
* * * LOW HITPOINT WARNING * * *
Your Spellcasting skill increases to level 7!
Unknown command.
The yak gores you!
* * * LOW HITPOINT WARNING * * *
The yak gores you!
You die...
Hepliaklqana delivers you to your ancestors.

....#
#..........†....#
....#
#...#'#..#......#
#...#
#.#.#.#..#..Y...#
#...#
#.#.#.#....#...##
#####
#.#.#.#..#.#...#
#.#.#.#..#.#.....
#.#.#.#....#.#....
#.#.#.#..YY#.#..... #
#.#..#@#.#....# #
#............. ####
#........#....
...####.# #...~S~..#
.. #.......#
#...~~~..+
#..######.#...≈~...#
#..######.....~~....
#.................###
.........#....


You could see 2 yaks and an electric eel.

Vanquished Creatures
  A sixfirhy (D:7)
  3 yaks (D:8)
  Menkaure (D:5)
  A water moccasin (D:7)
  Duvessa (D:5)
  2 black bears
  Pargi (Sewer)
  2 ice beasts
  An orc warrior (D:7)
  The ghost of AutarchDCSS the Trooper, an amateur DrCK of Okawaru (D:4)
  2 ogres
  2 centaurs
  Blork the orc (D:5)
  2 kobold brigands
  A bullfrog (D:7)
  A brain worm (Sewer)
  3 scorpions
  Dowan (D:5)
  A howler monkey (D:6)
  A jelly (D:7)
  3 hounds
  3 bombardier beetles
  A gnoll bouda (D:7)
  5 iguanas
  2 sleepcaps
  3 orc wizards (D:7)
  9 gnolls
  8 adders
  A shadow imp (D:6)
  2 white imps (D:6)
  2 ufetubi (D:5)
  2 dart slugs
  A ribbon worm (D:4)
  13 orcs
  7 ball pythons
  11 bats
  6 endoplasms
  3 giant cockroaches
  3 goblins
  4 hobgoblins
  2 jackals (D:2)
  2 quokkas
  A frilled lizard (D:1)
  2 kobolds (D:1)
  5 rats
130 creatures vanquished.

Vanquished Creatures (collateral kills)
  A foxfire (D:1)
1 creature vanquished.

Vanquished Creatures (others)
  An ancestor (D:8)
  187 foxfires
188 creatures vanquished.

Grand Total: 319 creatures vanquished

Notes
Turn   | Place    | Note
-------+----------+-------------------------------------------
     0 | D:1      | bjtr the Gargoyle Fire Elementalist began the quest for the
                  | Orb.
     0 | D:1      | Reached XP level 1. HP: 10/10 MP: 3/3
   380 | D:1      | Reached XP level 2. HP: 15/15 MP: 3/5
  1146 | D:2      | Reached skill level 1 in Armour
  1419 | D:2      | Reached XP level 3. HP: 16/19 MP: 2/6
  1422 | D:2      | Learned a level 2 spell: Scorch
  1426 | D:2      | Learned a level 3 spell: Inner Flame
  1649 | D:2      | Found a faded altar of an unknown god.
  2431 | D:3      | Reached XP level 4. HP: 24/24 MP: 3/7
  2847 | D:3      | Found a burning altar of Makhleb.
  3305 | D:3      | Reached XP level 5. HP: 28/28 MP: 4/9
  3360 | D:3      | Learned a level 3 spell: Volatile Blastmotes
  3524 | D:4      | Noticed a black bear
  3532 | D:4      | Killed a black bear
  3533 | D:4      | Reached skill level 4 in Fire Magic
  3533 | D:4      | Reached XP level 6. HP: 33/33 MP: 1/10
  3618 | D:4      | Found Qafreuwn's Magic Scroll Shop.
  3635 | D:4      | Found Hiemiumn's Distillery.
  3671 | D:4      | Found Ocvauz's Antique Weapon Shop.
  3728 | D:4      | Found a glowing drain.
  3742 | Sewer    | Entered a sewer
  4065 | Sewer    | Noticed Pargi
  4114 | Sewer    | Killed Pargi
  4115 | Sewer    | Reached XP level 7. HP: 17/37 MP: 2/12
  4270 | D:4      | Found Coikulez's Distillery.
  4413 | D:4      | Bought a potion of curing for 30 gold pieces
  4487 | D:4      | Bought a scroll of identify for 20 gold pieces
  4487 | D:4      | Bought a scroll of identify for 20 gold pieces
  4487 | D:4      | Bought a scroll of identify for 20 gold pieces
  4688 | D:4      | Bought a potion of heal wounds for 60 gold pieces
  4688 | D:4      | Bought a potion of heal wounds for 60 gold pieces
  4757 | D:4      | Reached skill level 5 in Fire Magic
  4855 | D:4      | Found a runed translucent door.
  4856 | D:4      | Noticed AutarchDCSS's ghost (amateur DrCK)
  4880 | D:4      | Killed AutarchDCSS's ghost
  5048 | D:5      | Entered Level 5 of the Dungeon
  5053 | D:5      | Reached skill level 1 in Fighting
  5066 | D:5      | Reached XP level 8. HP: 43/43 MP: 1/14
  5589 | D:5      | Found an ornate altar of the Wu Jian Council.
  5700 | D:5      | Noticed Dowan
  5707 | D:5      | Noticed Duvessa
  5711 | D:5      | Killed Duvessa
  5721 | D:5      | Killed Dowan
  5722 | D:5      | Reached skill level 5 in Armour
  5722 | D:5      | Reached skill level 6 in Fire Magic
  5840 | D:5      | Noticed Menkaure
  5844 | D:5      | Killed Menkaure
  5951 | D:5      | Noticed Blork the orc
  5971 | D:5      | Killed Blork the orc
  5972 | D:5      | Reached skill level 5 in Spellcasting
  6295 | D:5      | Reached XP level 9. HP: 47/47 MP: 0/17
  6656 | D:6      | Learned a level 4 spell: Flame Wave
  6705 | D:6      | Reached skill level 7 in Fire Magic
  6836 | D:6      | Found Jaewaushriw's Hydra Hut.
  6841 | D:6      | Noticed an eight-headed hydra
  7087 | D:6      | Found a staircase to the Ecumenical Temple.
  7272 | Temple   | Entered the Ecumenical Temple
  7301 | Temple   | Became a worshipper of Hepliaklqana the Forgotten
  7618 | D:7      | Reached skill level 5 in Conjurations
  7923 | D:7      | Found a runed translucent door.
  7925 | D:7      | Noticed a sixfirhy
  7933 | D:7      | Killed a sixfirhy
  8108 | D:7      | Reached skill level 8 in Fire Magic
  8341 | D:7      | Reached * piety under Hepliaklqana
  9074 | D:8      | Upgraded the game from 0.32-a0-928-g1cae6b7ea0 to
                  | 0.32-a0-931-g5a2cda0630
  9225 | D:8      | Reached XP level 10. HP: 40/50 MP: 7/20
  9240 | D:8      | HP: 1/50 [yak (12)]
  9240 | D:8      | Mangled by a yak

Illustrated notes

Levels and vault maps discovered:
D:1:      minmay_arrival_plants_in_alcoves, layout_basic
D:2:      layout_loops_ring, ebering_ecumenical_altar_hall,
          kennysheep_flooded_box
D:3:      layout_loops_corners, mainiacjoe_overflow_paths
D:4:      layout_basic, cheibrodos_sewer_entry_bend, serial_shops, shop,
          nicolae_inconvenience_store, shop, nicolae_shop_industrial_runoff,
          ebering_ghost_reflecting_pool
D:5:      layout_loops_ring, pdpol_wu_jian_five_deadly_venoms,
          skrybe_limestone_x, minmay_pentangle, uniq_blork_the_orc,
          uniq_duvessa, uniq_menkaure
D:6:      layout_gridville, minmay_temple_entry_steel_oval, minivault_5,
          nicolae_concentric_dashed_squares_mild, serial_park_tiny_2,
          doesnt_shop_hydraphobe
D:7:      cheibrodos_shockbox, layout_basic, minmay_misc_feat_x,
          lemuel_flamethrower_2
D:8:      layout_basic
Temple:   hellmonk_temple_of_storms

Skill      XL: |  1  2  3  4  5  6  7  8  9 10 |
---------------+-------------------------------+-----
Armour         | 1 2 4 5 |  5.6
Conjurations   | 2 3 4 6 |  6.2
Spellcasting   | 3 4 5 6 7 |  7.0
Fire Magic     | 4 5 6 8 |  8.6
Dodging        | 2 |  2.7
Fighting       | 1 3 |  3.8
Stealth        | |  2.8

Action                     |  1- 3 |  4- 6 |  7- 9 | 10-12 || total
---------------------------+-------+-------+-------+-------++-------
  Melee: Dagger            |     3 |       |       |       ||     3
         Short sword       |    47 |    57 |   121 |     5 ||   230
   Cast: Foxfire           |    50 |    30 |    34 |       ||   114
         Scorch            |     1 |    27 |    95 |     2 ||   125
         Volatile Blastmot |       |       |     9 |       ||     9
         Inner Flame       |       |       |     1 |       ||     1
         Flame Wave        |       |       |     4 |       ||     4
    Use: Scroll            |       |    13 |     6 |       ||    19
         Potion            |       |     2 |       |       ||     2
   Stab: Sleeping          |       |       |     2 |       ||     2
 Armour: Robe              |     4 |       |       |       ||     4
         Ring mail         |    34 |   114 |       |       ||   148
         Troll leather arm |       |       |   164 |    11 ||   175
  Dodge: Dodged            |    29 |    64 |   129 |     5 ||   227
         Repelled          |       |       |     4 |       ||     4

Table legend: (Time is in decaauts)
 A = Elapsed time spent in this place.
 B = Non-inter-level travel time spent in this place.
 C = Inter-level travel time spent in this place.
 D = Time resting spent in this place.
 E = Time spent auto-exploring this place.
 F = Levels seen in this place.
 G = Mean time per level.
                   A        B        C        D        E       F      G
               +--------+--------+--------+--------+--------+-----+--------+
         Total |   9243 |   8958 |    285 |    855 |   6629 |  10 |  924.3 |
       Dungeon |   8697 |   8412 |    285 |    513 |   6584 |   8 | 1087.1 |
        Temple |     40 |     40 |      0 |      0 |      0 |   1 |   40.0 |
         Sewer |    505 |    505 |      0 |    342 |     45 |   1 |  505.0 |
               +--------+--------+--------+--------+--------+-----+--------+

Top non-repeatable levels by time:
     D:5: 1433 daAuts
     D:7: 1432 daAuts
     D:3: 1200 daAuts
     D:2: 1175 daAuts
     D:4: 1149 daAuts
     D:1: 1137 daAuts
     D:6: 973 daAuts
   Sewer: 505 daAuts
     D:8: 193 daAuts
  Temple: 40 daAuts
